 Dungeon Crawl Stone Soup version 0.19-a0-975-gfff5315 (webtiles) character file.

818 inmateoo the Chopper (level 7, -2/42 HPs)
             Began as a Gargoyle Arcane Marksman on July 13, 2016.
             Was a Follower of Okawaru.
             Slain by a centaur (5 damage)
             ... on level 5 of the Dungeon.
             The game lasted 00:07:40 (5881 turns).

inmateoo the Chopper (Gargoyle Arcane Marksman)     Turns: 5881, Time: 00:07:41

Health: -2/42      AC: 13    Str: 16    XL:     7   Next: 94%
Magic:  8/8        EV:  4    Int: 14    God:    Okawaru [*.....]
Gold:   187        SH:  8    Dex:  9    Spells: 0 memorised, 8 levels left

rFire  . . .     SeeInvis .     k - +0 war axe
rCold  . . .     Gourm    .     i - +0 chain mail
rNeg   + . .     Faith    .     a - +0 shield
rPois  ∞         Spirit   .     (no helmet)
rElec  +         Dismiss  .     (no cloak)
rCorr  .         Reflect  .     (no gloves)
SustAt .         Harm     .     (no boots)
MR     .....                    (no amulet)
Stlth  ..........               (no ring)
                                (no ring)

@: not resistant to hostile enchantments, extremely unstealthy
A: negative energy resistance 1, electricity resistance, unbreathing,
petrification resistance, rot immunity, AC +4
a: Heroism, Renounce Religion


You were on level 5 of the Dungeon.
You worshipped Okawaru.
Okawaru was aware of your devotion.
You were not hungry.

You visited 1 branch of the dungeon, and saw 5 of its levels.

You collected 187 gold pieces.

Inventory:

Hand Weapons
 k - a +0 war axe (weapon)
 v - a +0 broad axe
 x - a +2 flail of draining
Missiles
 d - 2 throwing nets (quivered)
Armour
 a - a +0 shield (worn)
 i - a +0 chain mail (worn)
Wands
 m - a wand of teleportation (4/9)
 w - a wand of iceblast (6/15)
Scrolls
 l - 2 scrolls of teleportation
 n - 2 scrolls of fog
 o - 2 scrolls of immolation
 q - a scroll of blinking
 s - 2 scrolls of remove curse
Potions
 g - a potion of lignification
 p - a potion of cancellation
 r - a potion of flight
Books
 b - a book of Debilitation

   Spells                             Type                      Level
   a - Corona                         Hexes                        1
   b - Slow                           Hexes                        2
   c - Gell's Gravitas                Hexes/Translocation          3
   d - Inner Flame                    Hexes/Fire                   3
   e - Cause Fear                     Hexes                        4
   f - Leda's Liquefaction            Hexes/Earth                  4
 e - a book of Misfortune

   Spells                             Type                      Level
   a - Confusing Touch                Hexes                        1
   b - Confuse                        Hexes                        3
   c - Gell's Gravitas                Hexes/Translocation          3
   d - Petrify                        Transmutation/Earth          4
   e - Metabolic Englaciation         Hexes/Ice                    5
   f - Yara's Violent Unravelling     Hexes/Transmutation          5
Comestibles
 f - 5 bread rations
 h - a slice of pizza
 j - 2 meat rations
 t - 6 fruits


   Skills:
 + Level 3.8 Fighting
 + Level 5.6 Axes
 - Level 1.7 Throwing
 + Level 2.9 Armour
 - Level 1.5 Dodging
 + Level 2.2 Shields
 - Level 1.0 Spellcasting
   Level 2.6 Hexes
 + Level 2.5 Invocations


You had 8 spell levels left.
You didn't know any spells.

Dungeon Overview and Level Annotations

Branches:
Dungeon (5/15)             Temple (0/1) D:5

Altars:
Fedhas
Hepliaklqana
Okawaru
Pakellas
Zin


Innate Abilities, Weirdness & Mutations

You are resistant to torment.
Your stone body is resilient. (AC +4)
You are immune to poison.
You resist negative energy. (rN+)
You are resistant to electric shocks. (rElec)
You can survive without breathing.
You are immune to petrification.
You are immune to rotting.


Message History

You hit the centaur.
The centaur is lightly wounded.
You slash the shadow imp! The centaur hits you. x2
You block the shadow imp's attack.
You closely miss the shadow imp.
The shadow imp is severely wounded.
You hit the centaur. You block the centaur's attack.
The shadow imp gestures at you. Pain shoots through your body!
* * * LOW HITPOINT WARNING * * *
You block the centaur's attack.
You are too injured to fight recklessly!
Unknown command.
You slash the shadow imp!
You kill the shadow imp!
Okawaru accepts your kill.
Your shield and chain mail prevent you from hitting the centaur.
The centaur hits you but does no damage.
The centaur hits you.
You die...

.....###'######## #####
###..##.........#
......'.......(.#
#######......(..########
# #.....#####(.........
# #>....# #.(........
####.....# #..........
...#.....# #.((.......
...#.....# #..@.......
...#.....# #...c......
...#.....# #..........
...#.....# #..........
########.# #..........
###########


You could see a centaur.

Vanquished Creatures
  2 scorpions
  A howler monkey (D:4)
  A hound (D:4)
  An orc priest (D:2)
  A gnoll shaman (D:5)
  A centaur skeleton (D:4)
  Terence (D:3)
  8 orc wizards
  5 worker ants (D:4)
  A worker ant zombie (D:5)
  2 adders
  4 gnolls (D:5)
  A shadow imp (D:5)
  3 oozes
  An adder skeleton (D:4)
  A worm (D:3)
  4 dart slugs
  2 giant geckos
  17 orcs
  6 giant cockroaches
  9 goblins
  3 hobgoblins
  8 jackals
  2 quokkas (D:2)
  A ball python (D:2)
  9 bats
  A giant gecko skeleton (D:4)
  3 giant newts
  A jackal skeleton (D:4)
  3 kobolds
  9 rats
112 creatures vanquished.

Notes
Turn   | Place    | Note
-------+----------+-------------------------------------------
     0 | D:1      | inmateoo the Gargoyle Arcane Marksman began the quest for the Orb.
     0 | D:1      | Reached XP level 1. HP: 12/12 MP: 2/2
   343 | D:1      | Reached XP level 2. HP: 12/17 MP: 3/3
   631 | D:1      | Reached skill level 1 in Axes
   750 | D:1      | Reached XP level 3. HP: 15/21 MP: 4/4
   916 | D:1      | Reached skill level 2 in Axes
  1263 | D:2      | Reached XP level 4. HP: 7/26 MP: 5/5
  1580 | D:2      | Found an iron altar of Okawaru.
  1592 | D:2      | Became a worshipper of Warmaster Okawaru
  2065 | D:2      | Reached skill level 3 in Axes
  2163 | D:3      | Found a blossoming altar of Fedhas.
  2163 | D:3      | Noticed Terence
  2195 | D:3      | Killed Terence
  2362 | D:2      | Reached XP level 5. HP: 13/30 MP: 6/6
  2549 | D:3      | Found a hazy altar of Hepliaklqana.
  2599 | D:3      | Found an oddly glowing altar of Pakellas.
  2599 | D:3      | Noticed an ice dragon
  2788 | D:3      | Reached skill level 4 in Axes
  3268 | D:4      | Reached XP level 6. HP: 21/35 MP: 7/7
  3450 | D:4      | Reached skill level 5 in Axes
  3558 | D:4      | Reached * piety under Okawaru
  3571 | D:4      | Found a glowing silver altar of Zin.
  3617 | D:4      | Reached skill level 1 in Armour
  3913 | D:4      | Reached skill level 1 in Shields
  3913 | D:4      | Reached skill level 1 in Invocations
  3941 | D:5      | Entered Level 5 of the Dungeon
  3964 | D:5      | Reached XP level 7. HP: 31/41 MP: 8/8
  4232 | D:5      | Found a staircase to the Ecumenical Temple.
  5881 | D:5      | Slain by a centaur

Vault maps used:
D:1:      roderic_crossed_star, st_stairs_11, kennysheep_another_room,
          due_unseen_surprise
D:2:      okawaru_trees_1
D:3:      lemuel_round_altar, fedhas_altar_2,
          gammafunk_pakellas_cloud_experiment, uniq_terence
D:4:      lemuel_crystal_altar
D:5:      yredelemnul_forgotten_temple_becter, first_bread, uniq_edmund

Skill      XL: |  1  2  3  4  5  6  7 |
---------------+----------------------+-----
Fighting       | 2 3 |  3.8
Axes           | 1 2 3 4 5 |  5.6
Armour         | 1 2 |  2.9
Shields        | 1 2 |  2.2
Invocations    | 1 2 |  2.5
Throwing       | |  1.7
Dodging        | |  1.5
Spellcasting   | |  1.0
Hexes          | |  2.6

Action                   |  1- 3 |  4- 6 |  7- 9 || total
-------------------------+-------+-------+-------++-------
Melee: Hand axe          |   208 |   245 |    12 ||   465
       Flail             |       |    52 |       ||    52
       War axe           |       |       |    95 ||    95
       Broad axe         |       |       |    52 ||    52
Throw: Throwing net      |     2 |       |       ||     2
Invok: Heroism           |       |       |     2 ||     2
Evoke: Wand              |       |       |     3 ||     3
  Use: Scroll            |       |     6 |     5 ||    11
       Potion            |       |     5 |     1 ||     6
  Eat: Chunk             |     2 |     8 |     7 ||    17
       Fruit             |       |     1 |       ||     1
Armor: Robe              |    14 |       |       ||    14
       Chain mail        |   218 |   214 |   132 ||   564
       Skin              |       |    37 |       ||    37
Dodge: Dodged            |    64 |    55 |    22 ||   141
Block: Shield            |    97 |   109 |    51 ||   257
